 Dungeon Crawl Stone Soup version 0.19.1 (webtiles) character file.

2725 Esekla the Cutter (level 9, 0/61 HPs)
             Began as an Octopode Enchanter on Nov 28, 2016.
             Was a Follower of Sif Muna.
             Slain by a hippogriff (9 damage)
             ... on level 9 of the Dungeon.
             The game lasted 01:30:12 (10115 turns).

Esekla the Cutter (Octopode Enchanter)             Turns: 10115, Time: 01:30:14

Health: 0/61       AC:  1    Str:  8    XL:     9   Next: 67%
Magic:  8/13       EV: 16    Int: 18    God:    Sif Muna [*.....]
Gold:   138        SH:  4    Dex: 14    Spells: 5 memorised, 2 levels left

rFire  . . .     SeeInvis .     a - +1 dagger
rCold  . . .     Gourm    .     (no shield)
rNeg   . . .     Faith    .     (helmet restricted)
rPois  .         Spirit   .     (no amulet)
rElec  .         Reflect  .     c - ring of stealth
rCorr  .         Harm     .     (no ring)
MR     .....                    (no ring)
Stlth  +++++.....               (no ring)
                                (no ring)
                                (no ring)
                                (no ring)
                                (no ring)

@: no status effects
A: almost no armour, stealthy swim, amphibious, 8 rings, constrict 8, large bone
plates 1, camouflage 1, gelatinous body 1
a: Divine Energy, Renounce Religion


You were on level 9 of the Dungeon.
You worshipped Sif Muna.
Sif Muna was aware of your devotion.
You were not hungry.

You visited 2 branches of the dungeon, and saw 10 of its levels.

You collected 365 gold pieces.
You spent 227 gold pieces at shops.

Inventory:

Hand Weapons
 a - a +1 dagger (weapon)
 i - a +1 whip of draining
 s - a +1 falchion
 x - a +0 whip of electrocution
Missiles
 d - 195 stones
 p - 7 javelins (quivered)
Magical Staves
 m - an uncursed staff of earth
Jewellery
 c - a ring of stealth (left tentacle)
Wands
 t - a wand of confusion (48/48)
Scrolls
 g - a scroll of remove curse
 j - 2 scrolls of amnesia
 k - 3 scrolls of teleportation
 y - a scroll of magic mapping
Potions
 e - a potion of brilliance
 h - 2 potions of cancellation
 n - 3 potions of agility
 o - 2 potions of curing
 r - a potion of haste
 u - a potion of lignification
 v - 3 potions of cure mutation
 w - a potion of flight
Books
 b - a book of Maledictions

   Spells                             Type                      Level
   a - Corona                         Hexes                        1
   b - Ensorcelled Hibernation        Hexes/Ice                    2
   c - Confuse                        Hexes                        3
   d - Tukima's Dance                 Hexes                        3
   e - Dazzling Spray                 Conjuration/Hexes            3
 f - a book of Minor Magic

   Spells                             Type                      Level
   a - Magic Dart                     Conjuration                  1
   b - Blink                          Translocation                2
   c - Call Imp                       Summoning                    2
   d - Repel Missiles                 Charms/Air                   2
   e - Slow                           Hexes                        2
   f - Conjure Flame                  Conjuration/Fire             3
   g - Mephitic Cloud                 Conjuration/Poison/Air       3
 l - a book of Conjurations

   Spells                             Type                      Level
   a - Magic Dart                     Conjuration                  1
   b - Searing Ray                    Conjuration                  2
   c - Dazzling Spray                 Conjuration/Hexes            3
   d - Fulminant Prism                Conjuration/Hexes            4
   e - Iskenderun's Mystic Blast      Conjuration                  4
   f - Iskenderun's Battlesphere      Conjuration/Charms           5
 q - a book of Cantrips

   Spells                             Type                      Level
   a - Confusing Touch                Hexes                        1
   b - Animate Skeleton               Necromancy                   1
   c - Summon Small Mammal            Summoning                    1
   d - Apportation                    Translocation                1


   Skills:
 - Level 5.0 Fighting
 - Level 7.5 Short Blades
 + Level 6.0 Dodging
 - Level 5.1 Stealth
 + Level 3.1 Spellcasting
 * Level 5.4 Conjurations
 + Level 3.9 Hexes


You had 2 spell levels left.
You knew the following spells:

 Your Spells              Type           Power        Failure   Level  Hunger
a - Searing Ray           Conj           ###...       2%          2    ##.....
b - Dazzling Spray        Conj/Hex       ###...       10%         3    ###....
c - Confuse               Hex            ###.....     12%         3    ###....
d - Tukima's Dance        Hex            ###.....     12%         3    ###....
e - Corona                Hex            ###....      3%          1    None


Dungeon Overview and Level Annotations

Branches:
Dungeon (9/15)             Temple (1/1) D:4
   Lair: D:8-11         Orc: D:9-12

Altars:
Ashenzari
Cheibriados
Dithmenos
Elyvilon
Fedhas
Gozag
Hepliaklqana
Kikubaaqudgha
Makhleb
Nemelex Xobeh
Okawaru
Qazlal
Ru
Sif Muna
Trog
Uskayaw
Vehumet
Xom
Yredelemnul
Zin
The Shining One

Shops:
D:9 =

Annotations:
D:3 taxman66's ghost, amateur MiGl
D:7 Joseph


Innate Abilities, Weirdness & Mutations

You cannot wear most types of armour.
You are very stealthy in the water. (Stealth+)
You are amphibious.
You can wear up to eight rings at the same time.
You can use your tentacles to constrict eight enemies at once.
Your skin changes colour to match your surroundings (Stealth+).
Your rubbery body absorbs attacks. (AC +1, EV +1)
You are partially covered in large bone plates. (SH +4)


Message History

The hippogriff is heavily wounded.
You hit the hippogriff.
The hippogriff is heavily wounded.
The hippogriff closely misses you. x2; The hippogriff claws you.
* * * LOW HITPOINT WARNING * * *
You barely miss the hippogriff.
The hippogriff is heavily wounded.
You barely miss the hippogriff.
The hippogriff is heavily wounded.
The hippogriff misses you. The hippogriff pecks you.
* * * LOW HITPOINT WARNING * * *
The hippogriff claws you.
* * * LOW HITPOINT WARNING * * *
You catch the helpless hippogriff completely off-guard!
You impale the hippogriff!!
The hippogriff is almost dead.
The hippogriff closely misses you. The hippogriff pecks you.
* * * LOW HITPOINT WARNING * * *
The hippogriff claws you!
You die...

#..........#
######.#####
##..##
#....#
#....#
#....#
#....#
#..H.#
#..@.+
#....#
#..(.#
#....#
#....#
#..!.#
###+##


You could see a hippogriff (blind).

Vanquished Creatures
  A hippogriff (D:6)
  Eustachio (D:4)
  Menkaure (D:7)
  An orc warrior (D:7)
  A sky beast (D:8)
  2 ogres (D:4)
  3 centaurs
  A big kobold (D:7)
  Blork the orc (D:5)
  A bullfrog (D:7)
  4 scorpions
  3 howler monkeys
  A bullfrog zombie (D:9)
  2 crimson imps
  7 hounds
  A bullfrog skeleton (D:6)
  2 jellies
  3 orc wizards
  2 centaur skeletons
  6 orc priests
  An iguana (D:9)
  Ijyb (D:2)
  6 worker ants
  A hound zombie (D:6)
  Robin (D:4)
  A worker ant zombie (D:6)
  5 gnolls
  A howler monkey skeleton (D:6)
  10 adders
  A shadow imp (D:9)
  An adder zombie (D:8)
  3 worms
  A dart slug (D:3)
  2 leopard geckos
  12 orcs
  3 ball pythons
  6 bats
  4 giant cockroaches
  9 goblins
  8 hobgoblins
  7 jackals
  5 quokkas
  5 frilled lizards
  A jackal zombie (D:7)
  15 kobolds
  A leopard gecko skeleton (D:5)
  A quokka skeleton (D:5)
  12 rats
168 creatures vanquished.

Vanquished Creatures (others)
  A plant (D:9)
1 creature vanquished.

Grand Total: 169 creatures vanquished

Notes
Turn   | Place    | Note
-------+----------+-------------------------------------------
     0 | D:1      | Esekla the Octopode Enchanter began the quest for the Orb.
     0 | D:1      | Reached XP level 1. HP: 11/11 MP: 3/3
    89 | D:1      | Reached XP level 2. HP: 15/18 MP: 5/5
   324 | D:1      | Reached skill level 1 in Fighting
   576 | D:1      | Reached skill level 5 in Stealth
   800 | D:2      | Reached XP level 3. HP: 20/23 MP: 6/6
   805 | D:2      | Learned a level 3 spell: Dazzling Spray
  1354 | D:2      | Reached XP level 4. HP: 15/29 MP: 7/7
  1640 | D:2      | Learned a level 3 spell: Confuse
  1778 | D:2      | Found a sparkling altar of Nemelex Xobeh.
  1837 | D:2      | Noticed Ijyb
  1852 | D:2      | Killed Ijyb
  1852 | D:2      | Reached skill level 1 in Conjurations
  1852 | D:2      | Reached XP level 5. HP: 25/35 MP: 1/8
  1906 | D:2      | Reached skill level 2 in Short Blades
  2477 | D:3      | Noticed taxman66's ghost (amateur MiGl)
  2919 | D:4      | Noticed Eustachio
  2941 | D:4      | Killed Eustachio
  2941 | D:4      | Reached skill level 3 in Short Blades
  2941 | D:4      | Reached XP level 6. HP: 31/42 MP: 5/9
  3185 | D:4      | Gained mutation: You are partially covered in large bone plates. (SH +4) [potion of beneficial mutation]
  3507 | D:4      | Reached XP level 7. HP: 21/46 MP: 10/10
  3760 | D:4      | Reached skill level 4 in Short Blades
  3865 | D:4      | Learned a level 3 spell: Tukima's Dance
  3879 | D:4      | Noticed Robin
  4341 | D:4      | Killed Robin
  4465 | D:4      | Found a glowing silver altar of Zin.
  4771 | D:4      | Found a burning altar of Makhleb.
  4790 | D:4      | Found a staircase to the Ecumenical Temple.
  4857 | Temple   | Entered the Ecumenical Temple
  4979 | Temple   | Became a worshipper of Sif Muna the Loreminder
  5246 | D:5      | Entered Level 5 of the Dungeon
  5296 | D:5      | Found a hazy altar of Hepliaklqana.
  5471 | D:5      | Reached skill level 5 in Short Blades
  5471 | D:5      | Reached XP level 8. HP: 18/54 MP: 5/11
  5833 | D:5      | Noticed Blork the orc
  6331 | D:5      | Killed Blork the orc
  6487 | D:6      | Learned a level 2 spell: Searing Ray
  6624 | D:6      | Noticed a hippogriff
  6646 | D:6      | Killed a hippogriff
  6646 | D:6      | Reached skill level 6 in Short Blades
  7006 | D:6      | Reached skill level 5 in Dodging
  7023 | D:6      | Reached * piety under Sif Muna
  7102 | D:6      | Reached XP level 9. HP: 40/59 MP: 12/12
  7394 | D:6      | Found a hide-covered altar of Uskayaw.
  7722 | D:7      | Found a hide-covered altar of Uskayaw.
  7743 | D:7      | Noticed Menkaure
  7918 | D:7      | Killed Menkaure
  7918 | D:7      | Reached skill level 7 in Short Blades
  8464 | D:7      | Reached skill level 5 in Conjurations
  8594 | D:7      | Noticed Joseph
  9190 | D:8      | Learned a level 1 spell: Corona
  9197 | D:8      | Reached skill level 5 in Fighting
  9533 | D:8      | Found a shimmering altar of Xom.
  9534 | D:8      | Found a shimmering altar of Xom.
  9534 | D:8      | Found a shimmering altar of Xom.
  9535 | D:8      | Found a shimmering altar of Xom.
  9535 | D:8      | Found a shimmering altar of Xom.
  9537 | D:8      | Found a shimmering altar of Xom.
  9538 | D:8      | Found a shimmering altar of Xom.
  9858 | D:9      | Found Buniug's Jewellery Shoppe.
  9891 | D:9      | Bought an uncursed ring of stealth for 227 gold pieces
 10115 | D:9      | Slain by a hippogriff

Skill      XL: |  1  2  3  4  5  6  7  8  9 |
---------------+----------------------------+-----
Fighting       | 1 2 3 4 5 |  5.0
Stealth        | 5 |  5.1
Conjurations   | 1 2 3 4 5 |  5.4
Short Blades   | 3 5 6 7 |  7.5
Dodging        | 3 4 5 6 |  6.0
Spellcasting   | 3 |  3.1
Hexes          | |  3.9

Action                   |  1- 3 |  4- 6 |  7- 9 || total
-------------------------+-------+-------+-------++-------
Melee: Dagger            |    85 |   106 |   363 ||   554
       Constrict         |    19 |    22 |    53 ||    94
       Tentacles         |    14 |    18 |    73 ||   105
       Falchion          |       |       |     6 ||     6
Throw: Stone             |    29 |    36 |    31 ||    96
       Javelin           |       |       |    19 ||    19
 Cast: Dazzling Spray    |     1 |     4 |    20 ||    25
       Tukima's Dance    |       |       |     3 ||     3
       Corona            |       |       |     3 ||     3
       Searing Ray       |       |       |     1 ||     1
  Use: Scroll            |       |     3 |    17 ||    20
       Potion            |       |     3 |     6 ||     9
 Stab: Sleeping          |    14 |     7 |    15 ||    36
       Invisible         |       |     2 |     7 ||     9
       Distracted        |       |       |     2 ||     2
  Eat: Bread ration      |     1 |       |     2 ||     3
       Fruit             |       |     6 |       ||     6
       Meat ration       |       |       |     3 ||     3
       Beef jerky        |       |       |     1 ||     1
Armor: Skin              |     4 |     6 |     8 ||    18
Dodge: Dodged            |    30 |    58 |   208 ||   296
Block: Other             |       |     1 |    43 ||    44
